Map: Lerilak Crest

Players

Graphix

  • Race: Zerg Zerg
  • League: Grandmaster

Fenner - Winner!

  • Race: Zerg Zerg
  • League: Grandmaster

VOD

Have the link to the VOD?

Description

Time

  • Played on: Dec. 1, 2015, 4:57 p.m.
  • Length: 4:44
Show
View Real Time Build Order
Export as new Build Order

Graphix Zerg 

Build Orders: Hatch First 

Get SALT Encoding   

  12  0:01  Drone  
  13  0:12  Overlord  
  13  0:17  Drone  
  14  0:31  Drone x2  
  14  0:34  Drone  
  17  0:52  Hatchery  
  17  0:56  Drone  
  17  1:09  Spawning Pool  
  16  1:13  Drone  
  17  1:22  Drone x2  
  17  1:24  Extractor  
  18  1:33  Drone  
  19  1:42  Overlord  
  19  1:56  Queen  
  21  2:02  Zergling x2  
  21  2:03  Drone  
  21  2:07  Drone  
  24  2:09  Queen  
  24  2:13  Drone  
  27  2:21  Drone  
  27  2:22  Drone  
  29  2:25  Metabolic Boost  
  29  2:32  Queen  
  31  2:38  Drone x3  
  34  2:44  Baneling Nest  
  34  2:45  Drone  
  34  2:48  Roach Warren  
  34  2:54  Overlord  
  34  2:59  Zergling x4  
  34  3:05  Overlord  
  36  3:29  Roach x5  
  36  3:30  Roach  
  36  3:33  Drone x2  
  50  3:42  Drone  
  51  3:51  Roach  
  51  3:54  Overlord  
  51  3:55  Overlord  
  51  3:59  Overlord  
  51  4:06  Overlord  
  50  4:19  Roach x5  
Show
View Real Time Build Order
Export as new Build Order

Fenner Zerg - Winner!

Build Orders: Hatch First 

Get SALT Encoding   

  12  0:01  Drone  
  13  0:13  Overlord  
  13  0:18  Drone  
  14  0:31  Drone x2  
  14  0:34  Drone  
  17  0:55  Hatchery  
  16  0:57  Drone  
  16  0:58  Drone  
  18  1:13  Spawning Pool  
  18  1:16  Drone  
  18  1:18  Extractor  
  17  1:21  Drone  
  18  1:28  Drone  
  19  1:39  Overlord  
  19  1:56  Drone  
  19  2:00  Queen  
  22  2:01  Zergling x2  
  22  2:07  Queen  
  25  2:09  Drone  
  25  2:12  Drone  
  27  2:21  Metabolic Boost, Drone  
  28  2:23  Drone  
  28  2:26  Roach Warren  
  28  2:29  Drone  
  29  2:32  Drone  
  30  2:42  Queen  
  32  2:49  Drone  
  32  2:50  Drone  
  34  2:51  Overlord  
  34  2:56  Overlord  
  34  3:08  Roach  
  36  3:15  Roach x4  
  36  3:19  Roach  
  46  3:23  Overlord  
  46  3:26  Roach  
  50  3:34  Roach  
  50  3:40  Overlord  
  50  3:46  Zergling x12  
  56  3:53  Zergling x4  
  56  3:59  Zergling x6  
  59  4:16  Hatchery  
  55  4:29  Drone x5  
Tags
 
Add a new tag
Caveats
  • Supply blocks, unpowered buildings, or Contaminate may cause inaccurate times.
  • Supply counts are checked every 10 seconds.